 Dungeon Crawl Stone Soup version 0.31.0-1-g2c135a008e (webtiles) character file.

Game seed: 10327551083687072385

1873 qw the Shooter (level 9, -3/65 HPs)
             Began as a Djinni Hunter on Jan 23, 2024.
             Was a Believer of Okawaru.
             Slain by a killer bee (4 damage)
             ... on level 7 of the Dungeon.
             The game lasted 00:00:30 (5828 turns).

qw the Shooter (Djinni Hunter)                      Turns: 5828, Time: 00:00:31

Health: -3/65      AC:  8    Str: 10    XL:     9   Next: 36%
Gold:   228        EV: 15    Int: 11    God:    Okawaru [**....] SH:  0 Dex: 21

rFire   + + .        d - +0 orcbow
rCold   x . .        (shield currently unavailable)
rNeg    . . .        g - +3 leather armour
rPois   inf          (no helmet)
rElec   .            (no cloak)
rCorr   +            j - +1 pair of gloves
SInv    .            (boots unavailable)
Will    +....        (no amulet)
Stlth   ++           e - ring of willpower
HPRegen 0.30/turn    n - ring of resist corrosion
MPRegen 0.00/turn

%: infuse magic (-4 HP)
@: about to teleport, flying
A: sickness immunity, fire resistance 2, cold vulnerability 1, float, innate
caster, HP casting, extra vitality 1
a: Renounce Religion, Heroism


You were on level 7 of the Dungeon.
You worshipped Okawaru.
Okawaru was pleased with you.
You visited 1 branch of the dungeon, and saw 7 of its levels.

You collected 475 gold pieces.
You spent 247 gold pieces at shops.


Innate Abilities, Weirdness & Mutations

You are immune to sickness and miasma.
You are immune to poison.
Your flesh is very heat resistant. (rF++)
You are vulnerable to cold. (rC-)
You float through the air rather than walking.
You learn spells naturally, not from books.
Your magical power is your life essence.
You have superior vitality. (+4 MHP)


   Skills:
 - Level 5.0 Fighting
 + Level 7.5 Ranged Weapons
 - Level 1.8 Armour
 - Level 5.9 Dodging
 - Level 0.7 Stealth
 - Level 4.0 Invocations


You knew the following spells:

 Your Spells              Type           Power      Damage    Failure   Level
a - Magic Dart            Conj           0%         1d3       43%         1
b - Blink                 Tloc           0%         N/A       56%         2
c - Lesser Beckoning      Tloc           0%         N/A       56%         2
d - Flame Wave            Conj/Fire      0%         2d4       99%         4
Your spell library was empty.

Inventory:

Hand Weapons
 d - a +0 orcbow (weapon)
Armour
 g - a +3 leather armour (worn)
 j - a +1 pair of gloves (worn)
Jewellery
 e - a ring of willpower (left hand)
 k - a ring of fire
 n - a ring of resist corrosion (right hand)
 Y - a ring of positive energy
Wands
 c - a wand of iceblast (28)
 i - a wand of mindburst (11)
Scrolls
 h - 2 scrolls of identify
Potions
 a - a potion of enlightenment
 f - 3 potions of might

Dungeon Overview and Level Annotations

Branches:
Dungeon (7/15)             Temple (0/1) D:6

Altars:
Fedhas
Gozag
Okawaru
Trog

Shops:
D:2 *   D:5 (?

Annotations:
D:5 3 runed translucent doors, qw's ghost, novice GrHu


Message History

The water moccasin bites you but does no damage.
The killer bee barely misses you.
You shoot an arrow.
The arrow closely misses the water moccasin.
The killer bee misses you. The killer bee closely misses you.
The water moccasin barely misses you. The killer bee barely misses you. x2
The water moccasin closely misses you.
You shoot an arrow. The arrow hits the water moccasin!
The water moccasin is almost dead.
You feel like a meek peon again. The killer bee closely misses you.
The killer bee barely misses you. The killer bee misses you.
The water moccasin barely misses you. The killer bee stings you!
You shoot an arrow.
The arrow closely misses the water moccasin.
The killer bee completely misses you. The killer bee closely misses you.
The water moccasin bites you! The killer bee closely misses you.
The killer bee stings you but does no damage.
The water moccasin barely misses you. The killer bee stings you.
You shoot an arrow.
The arrow barely misses the water moccasin.
The killer bee stings you but does no damage.
The killer bee closely misses you.
The killer bee stings you but does no damage.
The water moccasin bites you but does no damage.
The killer bee completely misses you. The killer bee stings you.
5826 ||| READING scroll of teleportation.
As you read the scroll of teleportation, it crumbles to dust.
You feel strangely unstable. The water moccasin closely misses you.
The killer bee barely misses you. The killer bee misses you.
The killer bee stings you but does no damage.
The water moccasin bites you. The killer bee closely misses you.
You shoot an arrow. The arrow misses the water moccasin.
The killer bee barely misses you. The killer bee misses you.
The water moccasin bites you but does no damage.
The killer bee stings you! The killer bee stings you.
You shoot an arrow. The arrow misses the water moccasin.
The killer bee stings you.
You die...

. ........#
.?.......?
.....$$..#
$........#
.........####
.>......oy@S##
........y##yc#
...........#.###.
#......<.yy..>...#
##.............###
###.............#
#...[.....!?...
#........c...<..
#.....$.........


You could see a water moccasin, a centaur, 3 killer bees and an orc.

Vanquished Creatures
  Grinder (D:6)
  Duvessa (D:5)
  3 ice beasts
  2 black bears (D:4)
  A centaur (D:5)
  A phantom (D:6)
  2 bullfrogs (D:6)
  Blork the orc (D:5)
  2 scorpions (D:6)
  Dowan (D:5)
  A killer bee (D:7)
  A howler monkey (D:6)
  A bombardier beetle (D:5)
  A jelly (D:6)
  2 sleepcaps
  4 iguanas
  Terence (D:3)
  An orc wizard (D:4)
  3 gnolls (D:6)
  11 adders
  2 shadow imps (D:6)
  2 ufetubi (D:5)
  3 ribbon worms
  A dart slug (D:2)
  15 orcs
  3 bat skeletons (D:5)
  A bat zombie (D:5)
  11 endoplasms
  4 giant cockroaches
  3 goblins
  3 hobgoblins
  4 jackals (D:1)
  7 kobolds
  4 quokkas
  9 ball pythons
  2 bats
  4 frilled lizards (D:2)
  A rat (D:2)
120 creatures vanquished.

Notes
Turn   | Place    | Note
-------+----------+-------------------------------------------
     0 | D:1      | qw the Djinni Hunter began the quest for the Orb.
     0 | D:1      | Reached XP level 1. HP: 18/18 MP: 0/0
     0 | D:1      | 0 ||| qw: Version: 0.3-a-135-gb77e89d
     0 | D:1      | 0 ||| qw: Game counter: 939
     0 | D:1      | 0 ||| qw: Melee chars always use a shield: true
     0 | D:1      | 0 ||| qw: God list: Okawaru
     0 | D:1      | 0 ||| qw: Allow faded altars: false
     0 | D:1      | 0 ||| qw: Do Orc after clearing Dungeon:15 true
     0 | D:1      | 0 ||| qw: Do second Lair branch before Depths: true
     0 | D:1      | 0 ||| qw: Lair rune preference: random
     0 | D:1      | 0 ||| qw: Goals: Normal
     0 | D:1      | 0 ||| PLANNING D:1-11
   170 | D:1      | Reached XP level 2. HP: 23/23 MP: 0/0
   194 | D:1      | HP: 5/23 [jackal (3)]
   194 | D:1      | HP: 2/23 [jackal (3)]
   379 | D:1      | Reached XP level 3. HP: 23/28 MP: 0/0
   379 | D:1      | Learned a level 1 spell: Magic Dart
   415 | D:1      | Reached skill level 4 in Ranged Weapons
   799 | D:1      | 799 ||| UPGRADING to ring of willpower.
   800 | D:1      | 800 ||| READING 3 scrolls labelled VYTEKOELIKK.
   901 | D:1      | 901 ||| READING scroll labelled KEFFAU BYOSHRAW.
  1002 | D:1      | 1002 ||| DROPPING scroll of butterflies.
  1003 | D:1      | 1003 ||| DROPPING 2 scrolls of silence.
  1164 | D:2      | Reached XP level 4. HP: 34/34 MP: 0/0
  1209 | D:2      | Found Xygyw's Assorted Antiques.
  1214 | D:2      | 1214 ||| SHOPLISTING bloodstained robe (131 gold, have
                  | 129).
  1214 | D:2      | 1214 ||| BUYING emerald potion (20 gold).
  1214 | D:2      | Bought an emerald potion for 20 gold pieces
  1214 | D:2      | 1214 ||| BUYING ring mail (92 gold).
  1214 | D:2      | Bought a ring mail for 92 gold pieces
  1214 | D:2      | 1214 ||| SHOPLISTING scroll labelled ASORAR TUASOCS (23
                  | gold, have 17).
  1214 | D:2      | 1214 ||| SHOPLISTING scroll labelled NUWOLEEHAO (23 gold,
                  | have 17).
  1214 | D:2      | 1214 ||| SHOPLISTING scroll labelled UME BISEXT (23 gold,
                  | have 17).
  1227 | D:2      | Reached skill level 3 in Fighting
  1566 | D:2      | You are sucked into a shaft and drop 2 floors!
  1567 | D:4      | 1567 ||| UPGRADING to +0 ring mail.
  1577 | D:4      | 1577 ||| DROPPING +0 leather armour.
  1579 | D:4      | 1579 ||| FLEEEEING.
  1580 | D:4      | 1580 ||| STAIRDANCE
  1588 | D:3      | Found a blossoming altar of Fedhas.
  1776 | D:3      | 1776 ||| UPGRADING to +0 pair of gloves.
  1781 | D:3      | 1781 ||| READING 3 scrolls labelled CESOECZUER.
  1782 | D:3      | 1782 ||| READING scroll labelled CEIXZO OTIUX.
  1782 | D:3      | 1782 ||| IDENTIFYING metallic pink potion
  1783 | D:3      | 1783 ||| DROPPING potion of berserk rage.
  1784 | D:3      | 1784 ||| DROPPING 2 scrolls of immolation.
  2064 | D:2      | 2064 ||| READING scroll of identify.
  2064 | D:2      | 2064 ||| IDENTIFYING murky brown potion
  2065 | D:2      | 2065 ||| READING 2 scrolls labelled LAMUPE PUHUR.
  2066 | D:2      | 2066 ||| DROPPING scroll of amnesia.
  2192 | D:3      | Noticed Terence
  2200 | D:3      | Killed Terence
  2201 | D:3      | Reached skill level 1 in Armour
  2380 | D:3      | Reached XP level 5. HP: 40/40 MP: 0/0
  2380 | D:3      | Learned a level 2 spell: Blink
  2405 | D:3      | Found an iron altar of Okawaru.
  2406 | D:3      | 2406 ||| PLANNING OKAWARU WORSHIP
  2414 | D:3      | 2414 ||| READING scroll of identify.
  2414 | D:3      | 2414 ||| IDENTIFYING bubbling puce potion
  2415 | D:3      | 2415 ||| READING scroll labelled NUWOLEEHAO.
  2419 | D:3      | 2419 ||| READING scroll labelled WOCULI TOJOEFA.
  2419 | D:3      | 2419 ||| ENCHANTING +0 pair of gloves.
  2420 | D:3      | 2420 ||| DRINKING 2 emerald potions.
  2421 | D:3      | 2421 ||| DROPPING potion of attraction.
  2544 | D:3      | Became a worshipper of Warmaster Okawaru
  2545 | D:3      | 2545 ||| PLANNING D:1-11
  2785 | D:3      | 2785 ||| UPGRADING to +3 leather armour.
  2795 | D:3      | 2795 ||| DROPPING +0 ring mail.
  2796 | D:3      | 2796 ||| UPGRADING to ring of positive energy.
  2958 | D:4      | Reached skill level 3 in Dodging
  3115 | D:4      | Found a bloodstained altar of Trog.
  3115 | D:4      | Noticed a black bear
  3116 | D:4      | 3116 ||| ZAPPING wand of flame (13) at 7,-6 (black bear;
                  | floor).
  3116 | D:4      | Noticed a black bear
  3117 | D:4      | 3117 ||| ZAPPING wand of flame (12) at 6,-5 (black bear;
                  | floor).
  3118 | D:4      | 3118 ||| ZAPPING wand of flame (11) at 5,-5 (black bear;
                  | floor).
  3119 | D:4      | 3119 ||| ZAPPING wand of flame (10) at 4,-4 (black bear;
                  | floor).
  3120 | D:4      | 3120 ||| ZAPPING wand of flame (9) at 3,-3 (black bear;
                  | floor).
  3120 | D:4      | Killed a black bear
  3121 | D:4      | Reached skill level 5 in Ranged Weapons
  3121 | D:4      | Reached XP level 6. HP: 46/46 MP: 0/0
  3121 | D:4      | 3121 ||| ZAPPING wand of flame (8) at 4,-4 (black bear;
                  | floor).
  3122 | D:4      | 3122 ||| ZAPPING wand of flame (7) at 3,-3 (black bear;
                  | floor).
  3123 | D:4      | 3123 ||| ZAPPING wand of flame (6) at 2,-2 (black bear;
                  | floor).
  3124 | D:4      | 3124 ||| ZAPPING wand of flame (5) at 1,-1 (black bear;
                  | floor).
  3125 | D:4      | 3125 ||| ZAPPING wand of flame (4) at 1,-1 (black bear;
                  | floor).
  3126 | D:4      | 3126 ||| ZAPPING wand of flame (3) at 1,-1 (black bear;
                  | floor).
  3127 | D:4      | 3127 ||| ZAPPING wand of flame (2) at 1,-1 (black bear;
                  | floor).
  3128 | D:4      | 3128 ||| ZAPPING wand of flame (1) at 1,-1 (black bear;
                  | floor).
  3129 | D:4      | Killed a black bear
  3129 | D:4      | Reached * piety under Okawaru
  3280 | D:4      | Reached XP level 7. HP: 51/51 MP: 0/0
  3280 | D:4      | Learned a level 2 spell: Lesser Beckoning
  3644 | D:4      | 3644 ||| READING scroll of identify.
  3644 | D:4      | 3644 ||| IDENTIFYING scroll labelled JAOROTU PIYPLO
  3645 | D:4      | 3645 ||| DROPPING scroll of torment.
  3665 | D:5      | Entered Level 5 of the Dungeon
  3671 | D:5      | HP: 13/52 [ice beast (13)]
  3672 | D:5      | 3672 ||| READING 2 scrolls of teleportation.
  3673 | D:5      | 3673 ||| DRINKING 3 potions of heal wounds.
  3678 | D:5      | Reached skill level 1 in Invocations
  3812 | D:5      | HP: 13/52 [burnt (1)]
  3985 | D:5      | HP: 13/52 [iguana (11)]
  3986 | D:5      | 3986 ||| READING scroll of teleportation.
  3987 | D:5      | 3987 ||| DRINKING 2 potions of heal wounds.
  4069 | D:5      | Noticed Blork the orc
  4076 | D:5      | 4076 ||| INVOKING Heroism.
  4080 | D:5      | Killed Blork the orc
  4109 | D:5      | HP: 9/52 [centaur/arrow (10)]
  4110 | D:5      | 4110 ||| DRINKING potion of heal wounds.
  4113 | D:5      | Reached skill level 3 in Invocations
  4173 | D:5      | 4173 ||| SWAPPING to +0 orcbow.
  4180 | D:5      | Reached XP level 8. HP: 58/58 MP: 0/0
  4180 | D:5      | 4180 ||| DROPPING +0 shortbow.
  4230 | D:5      | Noticed Duvessa
  4233 | D:5      | Noticed Dowan
  4234 | D:5      | 4234 ||| RETREEEEATING.
  4235 | D:5      | 4235 ||| RETREEEEATING.
  4238 | D:5      | Reached ** piety under Okawaru
  4242 | D:5      | Killed Duvessa
  4243 | D:5      | 4243 ||| INVOKING Heroism.
  4247 | D:5      | Killed Dowan
  4329 | D:5      | Found Nosekhlihu's Magic Scroll Emporium.
  4337 | D:5      | 4337 ||| BUYING 2 scrolls of identify (60 gold).
  4337 | D:5      | Bought 2 scrolls of identify for 60 gold pieces
  4337 | D:5      | 4337 ||| BUYING scroll of identify (30 gold).
  4337 | D:5      | Bought a scroll of identify for 30 gold pieces
  4337 | D:5      | 4337 ||| BUYING scroll of teleportation (45 gold).
  4337 | D:5      | Bought a scroll of teleportation for 45 gold pieces
  4352 | D:5      | Found a runed translucent gate.
  4353 | D:5      | Found a runed translucent gate.
  4354 | D:5      | Found a runed translucent gate.
  4354 | D:5      | Noticed qw's ghost (novice GrHu)
  4409 | D:5      | Found Awov's Weapon Boutique.
  4699 | D:5      | 4699 ||| READING 3 scrolls of identify.
  4699 | D:5      | 4699 ||| IDENTIFYING sapphire potion
  4700 | D:5      | 4700 ||| DROPPING potion of brilliance.
  4726 | D:6      | Found an opulent altar of Gozag.
  4740 | D:6      | Reached skill level 6 in Ranged Weapons
  5158 | D:6      | Reached skill level 7 in Ranged Weapons
  5165 | D:6      | HP: 13/58 [ice beast (21)]
  5166 | D:6      | 5166 ||| READING scroll of teleportation.
  5407 | D:6      | Found a staircase to the Ecumenical Temple.
  5418 | D:6      | Reached XP level 9. HP: 65/65 MP: 0/0
  5418 | D:6      | Learned a level 4 spell: Flame Wave
  5443 | D:6      | 5443 ||| FLEEEEING.
  5446 | D:6      | 5446 ||| FLEEEEING.
  5447 | D:6      | 5447 ||| FLEEEEING.
  5448 | D:6      | 5448 ||| FLEEEEING.
  5449 | D:6      | 5449 ||| FLEEEEING.
  5464 | D:6      | 5464 ||| FLEEEEING.
  5500 | D:6      | Noticed Grinder
  5501 | D:6      | 5501 ||| INVOKING Heroism.
  5507 | D:6      | Killed Grinder
  5788 | D:6      | 5788 ||| UPGRADING to ring of resist corrosion.
  5790 | D:6      | 5790 ||| READING 4 scrolls of identify.
  5790 | D:6      | 5790 ||| IDENTIFYING lumpy green potion
  5791 | D:6      | 5791 ||| READING 3 scrolls of identify.
  5791 | D:6      | 5791 ||| IDENTIFYING scroll labelled TYWKOISEIC
  5792 | D:6      | 5792 ||| DROPPING scroll of revelation.
  5803 | D:7      | 5803 ||| RETREEEEATING.
  5804 | D:7      | 5804 ||| RETREEEEATING.
  5805 | D:7      | 5805 ||| RETREEEEATING.
  5806 | D:7      | 5806 ||| RETREEEEATING.
  5807 | D:7      | 5807 ||| INVOKING Heroism.
  5808 | D:7      | 5808 ||| RETREEEEATING.
  5825 | D:7      | HP: 16/65 [killer bee (4)]
  5826 | D:7      | 5826 ||| READING scroll of teleportation.
  5827 | D:7      | HP: 4/65 [killer bee (7)]
  5827 | D:7      | HP: 1/65 [killer bee (3)]
  5828 | D:7      | Slain by a killer bee

Levels and vault maps discovered:
D:1:      wander_arrival_lonely_grave, layout_basic,
          chequers_serial_rivers_micro_a, chequers_mini_garden
D:2:      layout_basic, serial_shops, nicolae_shop_just_a_little_nook,
          st_stairs_2, chequers_serial_rivers_micro_d, grunt_ministairs_11,
          kennysheep_generic_room_9
D:3:      layout_loops_ring, mainiacjoe_overflow_alcove_4,
          fedhas_ov_isle_minmay, uniq_terence
D:4:      layout_cave_pools, trog_ov_bears_minmay, minmay_misc_feat_cross
D:5:      layout_rooms, mainiacjoe_overflow_paths, kennysheep_vampire_church,
          gammafunk_ghost_nasty_kobolds, serial_shops,
          nicolae_shop_advertising_works [nicolae_subvault_shop_adworks],
          nicolae_lakefront_shop, dk_noncrumbling_3, uniq_duvessa,
          uniq_blork_the_orc
D:6:      layout_basic, grunt_gozag_breadcrumbs, minmay_temple_entry_ruins,
          kennysheep_generic_room_16, uniq_grinder
D:7:      layout_rooms

Skill      XL: |  1  2  3  4  5  6  7  8  9 |
---------------+----------------------------+-----
Ranged Weapons | 4 5 7 |  7.5
Fighting       | 3 4 5 |  5.0
Armour         | 1 |  1.8
Dodging        | 3 4 5 |  5.9
Invocations    | 3 4 |  4.0
Stealth        | |  0.7

Action                     |  1- 3 |  4- 6 |  7- 9 || total
---------------------------+-------+-------+-------++-------
   Fire: Shortbow          |    88 |   177 |   112 ||   377
         Orcbow            |       |       |   175 ||   175
 Invoke: Heroism           |       |       |     4 ||     4
  Evoke: Wand              |       |    13 |       ||    13
    Use: Scroll            |     2 |     7 |     8 ||    17
         Potion            |       |     1 |     3 ||     4
 Armour: Leather armour    |    30 |    62 |   152 ||   244
         Ring mail         |       |    17 |       ||    17
  Dodge: Dodged            |    46 |    58 |   216 ||   320

Table legend:
 A = Non-vault XP
 B = Vault XP
 C = Vault XP percentage of total XP
 D = Non-vault monster count
 E = Vault monster count
 F = Vault count percentage of total count
                 A         B        C        D         E       F
            +---------+---------+-------+---------+---------+-------
      Total |    1733 |     943 |  35.2 |     102 |      18 |  15.0
            +---------+---------+-------+---------+---------+-------
        D:1 |      33 |       0 |   0.0 |      19 |       0 |   0.0
        D:2 |      46 |       7 |  13.2 |      12 |       5 |  29.4
        D:3 |      35 |      36 |  50.7 |      11 |       1 |   8.3
        D:4 |     130 |     252 |  66.0 |      26 |       2 |   7.1
        D:5 |     478 |     302 |  38.7 |      16 |       7 |  30.4
        D:6 |     952 |     346 |  26.7 |      17 |       3 |  15.0
        D:7 |      59 |       0 |   0.0 |       1 |       0 |   0.0
            +---------+---------+-------+---------+---------+-------
